 Dungeon Crawl Stone Soup version 0.32-a0-791-gfc315c9ecd (webtiles) character file.

Game seed: 14904302098910157511

18851 inkslinger the Spear-Bearer (level 12, -2/81 (95) HPs)
             Began as a Gnoll Reaver on Mar 20, 2024.
             Was an Elder of Beogh.
             Killed by the scythe of Curses (9 damage)
             ... on level 11 of the Dungeon.
             The game lasted 00:24:20 (11066 turns).

inkslinger the Spear-Bearer (Gnoll Reaver)         Turns: 11066, Time: 00:24:21

HP:   -2/81 (95)    AC: 10    Str: 19 (22) XL:     12   Next: 62%
MP:   25/25         EV: 18    Int: 10      God:    Beogh [****..]
Gold: 623           SH:  7    Dex: 22      Spells: 26/29 levels left

rFire   . . .        b - +7 mace "Rusubig" {drain, rPois rN+ Int-3 Dex+5}
rCold   + + +        D - +0 buckler
rNeg    + . .        l - +4 skin of Zhor {*Englaciate rC+++ SInv}
rPois   +            (helmet restricted)
rElec   .            H - +2 cloak
rCorr   .            (no gloves)
SInv    +            (no boots)
Will    .....        F - amulet of regeneration
Stlth   ++++         h - +6 ring of strength
HPRegen 1.13/turn    I - +6 ring of dexterity
MPRegen 0.19/turn

%: no passive effects
@: slowed, heavily drained, very slow
A: fangs 1, strong nose, distributed training, horns 1
a: Renounce Religion, Smiting, Recall Apostles, Dismiss Gorbash, priest, Dismiss
Orcesus, priest


You were on level 11 of the Dungeon.
You worshipped Beogh.
Beogh was greatly pleased with you.
You visited 1 branch of the dungeon, and saw 11 of its levels.
You visited the Abyss 1 time.
You also visited: Ossuary.

You collected 623 gold pieces.

Inventory:

Hand Weapons
 a - a +3 spear
 b - the +7 mace "Rusubig" (weapon) {drain, rPois rN+ Int-3 Dex+5}
   (You found it on level 7 of the Dungeon)

   Int-3:     It affects your intelligence (-3).
   Dex+5:     It affects your dexterity (+5).
   rPois:     It protects you from poison.
   rN+:       It protects you from negative energy.
 L - a +3 scimitar
Missiles
 e - 2 atropa-tipped darts
 g - 4 boomerangs
 p - 22 poisoned darts
Armour
 j - a +1 helmet
 l - the +4 skin of Zhor (worn) {*Englaciate rC+++ SInv}
   (You acquired it on level 5 of the Dungeon)

   *Englaciate: It radiates cold, occasionally slowing all nearby creatures who
   are not resistant to cold.
   rC+++:     It renders you almost immune to cold.
   SInv:      It lets you see invisible.
 D - a +0 buckler (worn)
 H - a +2 cloak (worn)
 M - a +1 scale mail of willpower
 N - +0 acid dragon scales
 U - the +1 chain mail "Tugratum" {Str+2 SInv}
   (You found it on level 10 of the Dungeon)

   Str+2:     It affects your strength (+2).
   SInv:      It lets you see invisible.
Magical Staves
 O - a staff of air
Jewellery
 h - a +6 ring of strength (left hand)
 z - a ring of magical power
 B - an amulet of reflection
 E - a ring of protection from fire
 F - an amulet of regeneration (around neck)
 I - a +6 ring of dexterity (right hand)
 V - a +5 ring of evasion
Talismans
 r - a maw talisman
 A - a flux talisman
 J - a serpent talisman
Wands
 q - a wand of paralysis (13)
 t - a wand of mindburst (44)
 K - a wand of flame (24)
 Q - a wand of iceblast (9)
Scrolls
 c - 6 scrolls of teleportation
 i - a scroll of amnesia
 k - 2 scrolls of revelation
 m - 3 scrolls of blinking
 o - 3 scrolls of fog
 s - 2 scrolls of silence {unknown}
 y - 2 scrolls of immolation {unknown}
 C - a scroll of enchant weapon {unknown}
 G - a scroll of noise {unknown}
 R - a scroll of poison {unknown}
 S - a scroll of torment {unknown}
 W - 3 scrolls of fear {unknown}
Potions
 d - 2 potions of enlightenment
 n - 4 potions of mutation
 u - 2 potions of ambrosia
 v - 3 potions of resistance
 w - a potion of curing
 x - a potion of magic


   Skills:
 + Level 9.1 Fighting
 + Level 7.7 Short Blades
 + Level 7.7 Long Blades
 + Level 7.7 Axes
 + Level 7.7 Maces & Flails
 + Level 10.2 Polearms
 + Level 7.7 Staves
 + Level 7.7 Ranged Weapons
 + Level 7.7 Throwing
 + Level 7.7 Armour
 + Level 9.1 Dodging
 + Level 7.7 Stealth
 + Level 7.7 Shields
 + Level 7.7 Unarmed Combat
 + Level 9.3 Spellcasting
 + Level 8.5 Conjurations
 + Level 6.4 Hexes
 + Level 6.4 Summonings
 + Level 6.4 Necromancy
 + Level 6.4 Translocations
 + Level 6.4 Fire Magic
 + Level 6.4 Ice Magic
 + Level 6.4 Air Magic
 + Level 6.4 Earth Magic
 + Level 6.4 Alchemy
 + Level 8.5 Invocations
 + Level 7.7 Evocations
 + Level 7.0 Shapeshifting


You had 26 spell levels left.
You knew the following spells:

 Your Spells              Type           Power      Damage    Failure   Level
a - Kiss of Death         Conj/Necr      76%        2d11      1%          1
b - Momentum Strike       Conj/Tloc      38%        3d9       1%          2

Your spell library contained the following spells:

 Spells                   Type           Power      Damage    Failure   Level
 Sandblast                Erth           34%        2d9       1%          1
 Shock                    Conj/Air       76%        1d7       1%          1
 Slow                     Hex            68%        N/A       1%          1
 Sting                    Conj/Alch      76%        1d7       1%          1
 Mercury Vapours          Alch/Air       34%        N/A       1%          2
 Hailstorm                Conj/Ice       19%        3d7       2%          3
 Stone Arrow              Conj/Erth      38%        3d9       2%          3
 Confusing Touch          Hex            17%        N/A       3%          3
 Swiftness                Air            17%        N/A       3%          3
 Vampiric Draining        Necr           17%        2d7       3%          3
 Brom's Barrelling Bould  Conj/Erth      19%        2d4       8%          4
 Airstrike                Air            8%         2d(2-18)  12%         4
 Animate Armour           Summ/Erth      34%        N/A       12%         4
 Dispel Undead            Necr           17%        3d10      12%         4
 Olgreb's Toxic Radiance  Alch           17%        N/A       12%         4
 Lehudib's Crystal Spear  Conj/Erth      9%         10d4      100%        8


Dungeon Overview and Level Annotations

Branches:
Dungeon (11/15)            Temple (0/1) D:5            Lair (0/5) D:11
Ossuary (visited)
    Orc: D:9-12

Altars:
Ashenzari
Dithmenos
Elyvilon
Fedhas
Nemelex Xobeh
Okawaru
Qazlal
Wu Jian
Xom
Zin

Shops:
D:2 (   D:4 (

Annotations:
D:4 1 runed translucent door, inkslinger's ghost, novice DECj


Innate Abilities, Weirdness & Mutations

Your facial features look somewhat orcish.
You have very sharp teeth.
Your uncanny sense of smell can sniff out nearby items.
Your experience applies equally to all skills.
You have a pair of small horns on your head.


Message History

You partially resist.
You feel drained.
You feel homesick.
Hit: b) +7 mace "Rusubig" {drain, rPois rN+ Int-3 Dex+5}
Press: ? - help, Dir - move target, f/p - Bogbrand
Aim: Bogbrand the orc apostle, wielding the +13 scythe of Curses {drain, curses, ^Drain} and wearing a +8 chain mail of fire resistance (moderately wounded, blind, unable to see you, poisoned, slow, ally target, empowered by the touch of Beogh, about 27% to evade the +7 mace "Rusubig")
You catch Bogbrand completely off-guard!
You sock Bogbrand! You drain Bogbrand. You headbutt Bogbrand.
Bogbrand is heavily wounded.
Orcesus hits Bogbrand but does no damage.
Gorbash hits Bogbrand with a +4 morningstar of protection!
Bogbrand completely misses you.
You sock Bogbrand! You drain Bogbrand.
Bogbrand is severely wounded.
Bogbrand is no longer blind.
You hit Bogbrand but do no damage.
You headbutt Bogbrand, but do no damage.
Bogbrand is severely wounded.
Bogbrand looks more healthy.
Bogbrand hits you with the +13 scythe of Curses!!
You partially resist.
You feel drained.
* * * LOW HITPOINT WARNING * * *
You feel horribly lethargic.
You feel yourself slow down.
Gorbash hits Bogbrand with a +4 morningstar of protection.
Orcesus hits Bogbrand but does no damage.
You catch Bogbrand completely off-guard!
You hit Bogbrand.
Bogbrand is almost dead.
Gorbash completely misses Bogbrand.
Bogbrand closely misses you.
Orcesus calls down the wrath of Beogh upon Bogbrand.
Bogbrand is smitten.
You hit Bogbrand but do no damage. You drain Bogbrand.
Bogbrand is almost dead.
You radiate an aura of cold.
Bogbrand seems to slow down.
Gorbash seems to slow down.
Orcesus seems to slow down.
Bogbrand hits you with the +13 scythe of Curses!
* * * LOW HITPOINT WARNING * * *
You partially resist.
You feel drained.
* * * LOW HITPOINT WARNING * * *
Pain shoots through your body!
You die...
Beogh appreciates Bogbrand's killing of a heretic priest.

#.**#.# #.#.#)..)...#.#..,* *,,
#<,,#.# #....†)..........,****,,
#**,#.#**#+......~........,,,,,,,
,∆,,#.#,.....[~~...~.~..~.,,,,,,,
,,,*#.#,......~.~.~~......,,,,,,,
,,,*#.#,......≈≈≈≈†.~.~≈~.,,,,,,*
,,,*#.#,.....~≈≈oo~~≈~~...,,,,,,,
,,,*#.#,...~~~~~o~~~≈≈~...,,,,,,,
****#.#,,..~≈≈≈(@~.~.~≈~~.,,,,,,,
# #.#,,..~≈≈≈≈~....~≈≈..,,,,,,, #
#.#,,..~≈≈≈~..>.~.≈≈..,,,,,,,
#####'#####~≈≈≈≈.....~≈..~,,,,,,,
........# #~~≈≈≈~....~~~..,,,,,,,
........# #.~~≈~~....≈~~..,,,,,,,
........# #..≈≈~....~≈~..,>,,,,,,
........# #..~~~~~.~≈≈≈.,,,,,,,,,
>.......# *,~,,~~~,~~~~~,,,,,,,,,


You could see Bogbrand the orc apostle (slow, drained, ally target, divinely
empowered), the friendly Gorbash the orc apostle (strong, slow) and the friendly
Orcesus the orc apostle (slow).

Vanquished Creatures
  Erolcha (D:10)
  A hydra (D:9)
  Erica (D:10)
  2 two-headed ogres
  2 thrashing horrors (Abyss:1)
  An ugly thing (D:11)
  A komodo dragon (D:8)
  An ancient zyme (Abyss:1)
  Psyche (D:8)
  A troll (D:10)
  A polar bear (D:10)
  Prince Ribbit (D:5)
  A raiju (Abyss:1)
  A centaur simulacrum (D:10)
  2 wraiths (D:11)
  A shadow (D:10)
  3 wyverns
  3 unseen horror simulacra (D:10)
  13 yaks
  3 ynoxinuls (Abyss:1)
  Menkaure (D:6)
  2 vampire mosquitoes (D:10)
  An acid dragon (D:11)
  2 orc warriors (D:9)
  2 ice beasts
  4 wolves
  An ogre (D:6)
  2 centaurs
  2 phantoms
  A weeping skull (Ossuary)
  5 kobold brigands
  3 bullfrogs
  A gnoll sergeant (D:9)
  A scorpion (D:6)
  4 water moccasin zombies (Ossuary)
  8 wights
  11 killer bees
  6 howler monkeys
  3 electric eels
  A jelly (D:6)
  An orc priest (D:6)
  5 bombardier beetles
  3 hounds
  2 gnoll boudas
  A sleepcap (D:7)
  2 spectral scorpions (Ossuary)
  Jessica (D:3)
  3 iguanas
  4 orc wizards
  2 mummies (Ossuary)
  13 gnolls
  4 adders
  4 white imps
  6 adder zombies (Ossuary)
  5 dart slugs
  5 ribbon worms
  3 orcs
  9 bats
  9 endoplasms
  7 giant cockroaches
  12 goblins
  9 hobgoblins
  4 jackals (D:1)
  20 kobolds
  A quokka (D:4)
  9 ball pythons
  5 frilled lizards
  8 gnoll zombies (Ossuary)
  4 jackal zombies (Ossuary)
  4 orc zombies (Ossuary)
  A quokka zombie (D:6)
  5 rats
  A rat zombie (D:6)
  A lurking horror (Abyss:1)
275 creatures vanquished.

Vanquished Creatures (collateral kills)
  A boulder beetle (D:11)
  2 two-headed ogres
  An ugly thing (D:9)
  An unseen horror (D:11)
  2 trolls
  A centaur simulacrum (D:10)
  2 yaks
  2 wyverns (D:9)
  2 acid dragons
  A wolf (D:11)
  A bullfrog (D:9)
  2 gnoll sergeants
  3 wights
  2 killer bees (D:10)
  A howler monkey (D:10)
  An electric eel (D:11)
  6 gnolls
  A kobold (D:9)
32 creatures vanquished.

Grand Total: 307 creatures vanquished

Notes
Turn   | Place    | Note
-------+----------+-------------------------------------------
     0 | D:1      | inkslinger the Gnoll Reaver began the quest for the Orb.
     0 | D:1      | Reached XP level 1. HP: 20/20 MP: 6/6
    93 | D:1      | Reached XP level 2. HP: 25/26 MP: 7/7
   292 | D:1      | Reached skill level 5 in Spellcasting
   292 | D:1      | Reached XP level 3. HP: 31/31 MP: 7/9
   364 | D:1      | Found a faded altar of an unknown god.
   523 | D:1      | Reached skill level 1 in Invocations
   544 | D:1      | Learned a level 2 spell: Momentum Strike
   672 | D:2      | Found Xeici's Weapon Shoppe.
   721 | D:2      | Reached skill level 1 in Short Blades
   721 | D:2      | Reached skill level 1 in Long Blades
   721 | D:2      | Reached skill level 1 in Axes
   721 | D:2      | Reached skill level 1 in Maces & Flails
   721 | D:2      | Reached skill level 1 in Staves
   721 | D:2      | Reached skill level 1 in Ranged Weapons
   721 | D:2      | Reached skill level 1 in Throwing
   721 | D:2      | Reached skill level 1 in Armour
   721 | D:2      | Reached skill level 1 in Stealth
   721 | D:2      | Reached skill level 1 in Shields
   721 | D:2      | Reached skill level 1 in Unarmed Combat
   721 | D:2      | Reached skill level 1 in Evocations
   847 | D:2      | Reached skill level 1 in Shapeshifting
   847 | D:2      | Reached XP level 4. HP: 34/35 MP: 11/11
  1082 | D:2      | Reached skill level 1 in Hexes
  1082 | D:2      | Reached skill level 1 in Summonings
  1082 | D:2      | Reached skill level 1 in Necromancy
  1082 | D:2      | Reached skill level 1 in Translocations
  1082 | D:2      | Reached skill level 1 in Fire Magic
  1082 | D:2      | Reached skill level 1 in Ice Magic
  1082 | D:2      | Reached skill level 1 in Air Magic
  1082 | D:2      | Reached skill level 1 in Earth Magic
  1082 | D:2      | Reached skill level 1 in Alchemy
  1480 | D:3      | Noticed a phantom
  1495 | D:3      | Killed a phantom
  1496 | D:3      | Reached XP level 5. HP: 29/43 MP: 7/12
  1733 | D:3      | Found a sparkling altar of Nemelex Xobeh.
  1901 | D:3      | Noticed Jessica
  1933 | D:3      | Killed Jessica
  2038 | D:3      | Became a worshipper of Beogh the Shepherd
  2553 | D:4      | Identified a scroll of acquirement
  2653 | D:4      | Reached XP level 6. HP: 43/50 MP: 11/14
  2885 | D:4      | Reached skill level 5 in Fighting
  2885 | D:4      | Reached skill level 5 in Dodging
  2950 | D:4      | Found Ineadec's Weapon Emporium.
  3486 | D:4      | Found a runed translucent door.
  3491 | D:4      | Noticed inkslinger's ghost (novice DECj)
  3846 | D:5      | Entered Level 5 of the Dungeon
  3847 | D:5      | Acquired the +4 skin of Zhor {*Englaciate rC+++ SInv}
  3847 | D:5      | Found the +4 skin of Zhor {*Englaciate rC+++ SInv}
  3891 | D:5      | Noticed Prince Ribbit
  3920 | D:5      | Killed Prince Ribbit
  3921 | D:5      | Reached skill level 7 in Polearms
  3921 | D:5      | Reached XP level 7. HP: 33/56 MP: 13/15
  3953 | D:5      | You fall into a shaft and drop 3 floors!
  4400 | D:8      | Noticed Psyche
  4414 | D:8      | Killed Psyche
  4654 | D:8      | Found a stormy altar of Qazlal.
  4771 | D:7      | Reached XP level 8. HP: 24/63 MP: 16/16
  4981 | D:7      | Identified the +7 mace "Rusubig" {drain, rPois rN+ Int-3
                  | Dex+5}
  5045 | D:7      | Found a blossoming altar of Fedhas.
  5358 | D:6      | Found a sand-covered staircase.
  5365 | Ossuary  | Entered an ossuary
  5423 | Ossuary  | Reached * piety under Beogh
  5489 | Ossuary  | Gained mutation: You have a pair of small horns on your
                  | head. [potion of mutation]
  5728 | D:6      | Reached XP level 9. HP: 64/69 MP: 18/18
  5953 | D:6      | Reached ** piety under Beogh
  6103 | D:6      | Found an iron altar of Okawaru.
  6318 | D:6      | Reached skill level 8 in Polearms
  6324 | D:6      | Reached skill level 5 in Invocations
  6784 | D:6      | Noticed Menkaure
  6791 | D:6      | Killed Menkaure
  6948 | D:5      | Found a staircase to the Ecumenical Temple.
  7754 | D:7      | Found a shimmering altar of Xom.
  7756 | D:7      | Found a shadowy altar of Dithmenos.
  7758 | D:7      | Found a white marble altar of Elyvilon.
  7895 | D:7      | Reached skill level 5 in Short Blades
  7895 | D:7      | Reached skill level 5 in Long Blades
  7895 | D:7      | Reached skill level 5 in Axes
  7895 | D:7      | Reached skill level 5 in Maces & Flails
  7895 | D:7      | Reached skill level 5 in Staves
  7895 | D:7      | Reached skill level 5 in Ranged Weapons
  7895 | D:7      | Reached skill level 5 in Throwing
  7895 | D:7      | Reached skill level 5 in Armour
  7895 | D:7      | Reached skill level 5 in Stealth
  7895 | D:7      | Reached skill level 5 in Shields
  7895 | D:7      | Reached skill level 5 in Unarmed Combat
  7895 | D:7      | Reached skill level 5 in Evocations
  7898 | D:7      | Reached XP level 10. HP: 54/77 MP: 20/20
  7973 | D:8      | Found a broken altar of Ashenzari.
  8160 | D:8      | Noticed a two-headed ogre
  8168 | D:8      | Killed a two-headed ogre
  8450 | D:8      | Reached *** piety under Beogh
  8451 | D:8      | Reached skill level 5 in Shapeshifting
  8487 | D:8      | Anointed Gorbash the priest as your apostle
  8969 | D:9      | Found a glowing silver altar of Zin.
  9061 | D:9      | Reached skill level 9 in Polearms
  9064 | D:9      | Reached skill level 5 in Hexes
  9064 | D:9      | Reached skill level 5 in Summonings
  9064 | D:9      | Reached skill level 5 in Necromancy
  9064 | D:9      | Reached skill level 5 in Translocations
  9064 | D:9      | Reached skill level 5 in Fire Magic
  9064 | D:9      | Reached skill level 5 in Ice Magic
  9064 | D:9      | Reached skill level 5 in Air Magic
  9064 | D:9      | Reached skill level 5 in Earth Magic
  9064 | D:9      | Reached skill level 5 in Alchemy
  9064 | D:9      | Reached XP level 11. HP: 81/85 MP: 22/22
  9255 | D:9      | Found an ornate altar of the Wu Jian Council.
  9480 | D:9      | Identified the +5 hand axe of Reiqe Nio {heavy, *Noise
                  | Will++ Str+3}
  9493 | D:9      | Anointed Orcesus the priest as your apostle
  9614 | D:9      | Noticed a white ugly thing
  9619 | D:9      | Noticed a six-headed hydra
  9624 | D:9      | Killed a white ugly thing
  9626 | D:9      | Noticed a two-headed ogre
  9629 | D:9      | Killed a six-headed hydra
  9630 | D:9      | Killed a two-headed ogre
  9640 | D:9      | Noticed a two-headed ogre
  9646 | D:9      | Killed a two-headed ogre
  9775 | D:10     | Entered Level 10 of the Dungeon
  9783 | D:10     | Noticed a two-headed ogre
  9791 | D:10     | Killed a two-headed ogre
  9864 | D:10     | Identified the +1 chain mail "Tugratum" {Str+2 SInv}
  9921 | D:10     | Noticed Erica
  9937 | D:10     | Killed Erica
  9979 | D:10     | Noticed Erolcha
  9988 | Abyss:1  | Found a corrupted altar of Lugonu.
  9988 | Abyss:1  | Cast into level 1 of the Abyss (Erolcha)
  9998 | Abyss:1  | Found a corrupted altar of Lugonu.
 10017 | Abyss:1  | Found a corrupted altar of Lugonu.
 10021 | Abyss:1  | Found a corrupted altar of Lugonu.
 10095 | Abyss:1  | Noticed a starcursed mass
 10154 | Abyss:1  | Reached **** piety under Beogh
 10155 | Abyss:1  | Reached XP level 12. HP: 68/94 MP: 24/24
 10189 | Abyss:1  | Noticed a thrashing horror
 10214 | Abyss:1  | Killed a thrashing horror
 10309 | Abyss:1  | Noticed a thrashing horror
 10314 | Abyss:1  | Killed a thrashing horror
 10396 | Abyss:1  | Found a corrupted altar of Lugonu.
 10587 | D:10     | Escaped the Abyss
 10589 | D:10     | Killed Erolcha
 10679 | D:10     | Reached skill level 10 in Polearms
 10953 | D:11     | Noticed a boulder beetle
 10983 | D:11     | Killed a boulder beetle
 11046 | D:11     | Found a staircase to the Lair.
 11048 | D:11     | Noticed Bogbrand
 11066 | D:11     | Killed by the scythe of Curses

Illustrated notes

Levels and vault maps discovered:
D:1:      dpeg_arrival_snail, layout_rooms, nicolae_ecumenical_snake_handling,
          minmay_misc_feat_tower
D:2:      layout_basic, serial_shops, shop, minmay_hexomino_f4
D:3:      layout_basic, nicolae_overflow_crystal_walls, uniq_jessica
D:4:      layout_loops_corners, serial_shops, shop,
          ebering_ghost_reflecting_pool, minmay_misc_feat_secret_circle
D:5:      layout_rooms, temple_green, uniq_prince_ribbit1
D:6:      layout_basic, mainiacjoe_overflow_catwalk, serial_co_window_serial,
          co_window_corner_a, co_window_of_opportunity_a, co_window_corner_a,
          co_window_paths_a, co_window_paths_a, co_window_of_opportunity_c,
          co_window_cross_3, co_window_of_opportunity_b, co_window_paths_e,
          glass_columns_c, glass_columns_a, enter_ossuary_4,
          cheibrodos_sewer_entry_bend, minmay_bent, uniq_menkaure
D:7:      layout_loops_ring, kennysheep_little_box, minitemple
D:8:      layout_loops_corners, mainiacjoe_overflow_concentric_impassable,
          kennysheep_mini_moat, uniq_psyche
D:9:      layout_roguey, general_overflow_altar,
          mainiacjoe_overflow_surrounded_room, hangedman_abyss_or_decor_clamps,
          evilmike_minifort
D:10:     layout_rooms, serial_ice, serial_ice_g, serial_ice_b, serial_ice_i,
          serial_ice_n, uniq_erolcha, uniq_erica
D:11:     layout_basic, erik_lair_island, gauntlet_entry_generic

Skill      XL: |  1  2  3  4  5  6  7  8  9 10 11 12 |
---------------+-------------------------------------+-----
Spellcasting   | 5 6 7 8 9 |  9.3
Invocations    | 1 2 3 4 5 6 7 8 |  8.5
Short Blades   | 1 2 3 4 5 6 7 |  7.7
Long Blades    | 1 2 3 4 5 6 7 |  7.7
Axes           | 1 2 3 4 5 6 7 |  7.7
Maces & Flails | 1 2 3 4 5 6 7 |  7.7
Staves         | 1 2 3 4 5 6 7 |  7.7
Ranged Weapons | 1 2 3 4 5 6 7 |  7.7
Throwing       | 1 2 3 4 5 6 7 |  7.7
Armour         | 1 2 3 4 5 6 7 |  7.7
Stealth        | 1 2 3 4 5 6 7 |  7.7
Shields        | 1 2 3 4 5 6 7 |  7.7
Unarmed Combat | 1 2 3 4 5 6 7 |  7.7
Evocations     | 1 2 3 4 5 6 7 |  7.7
Shapeshifting  | 1 2 3 4 5 6 7 |  7.0
Hexes          | 1 2 3 4 5 6 |  6.4
Summonings     | 1 2 3 4 5 6 |  6.4
Necromancy     | 1 2 3 4 5 6 |  6.4
Translocations | 1 2 3 4 5 6 |  6.4
Fire Magic     | 1 2 3 4 5 6 |  6.4
Ice Magic      | 1 2 3 4 5 6 |  6.4
Air Magic      | 1 2 3 4 5 6 |  6.4
Earth Magic    | 1 2 3 4 5 6 |  6.4
Alchemy        | 1 2 3 4 5 6 |  6.4
Fighting       | 5 6 7 8 9 |  9.1
Dodging        | 5 6 7 8 9 |  9.1
Polearms       | 7 8 9 10 | 10.2
Conjurations   | 6 7 8 |  8.5

Action                     |  1- 3 |  4- 6 |  7- 9 | 10-12 || total
---------------------------+-------+-------+-------+-------++-------
  Melee: Spear             |   135 |   244 |    58 |       ||   437
         Bite              |     7 |    30 |    39 |    65 ||   141
         Unarmed           |       |    14 |    12 |       ||    26
         Mace              |       |       |   252 |   385 ||   637
         Headbutt          |       |       |    41 |    95 ||   136
  Throw: Dart              |       |       |       |     7 ||     7
   Cast: Kiss of Death     |     1 |     2 |     1 |       ||     4
         Momentum Strike   |       |     9 |     1 |       ||    10
 Invoke: Convert to Beogh  |       |     1 |       |       ||     1
         Recruit Apostle   |       |       |       |     2 ||     2
         Smiting           |       |       |       |     8 ||     8
  Evoke: Wand              |       |       |       |     3 ||     3
    Use: Potion            |     2 |     3 |     6 |     7 ||    18
         Scroll            |       |     6 |     5 |     5 ||    16
   Stab: Distracted        |     1 |     1 |       |    10 ||    12
         Sleeping          |       |     5 |     3 |     4 ||    12
         Invisible         |       |       |       |     4 ||     4
 Armour: Leather armour    |    50 |    90 |       |       ||   140
         Skin              |       |     8 |    12 |       ||    20
         Animal skin       |       |     6 |   160 |   220 ||   386
  Dodge: Dodged            |    59 |   101 |   167 |   285 ||   612
  Block: Buckler           |       |       |    38 |   117 ||   155
         Other             |       |       |     1 |       ||     1

Table legend: (Time is in decaauts)
 A = Elapsed time spent in this place.
 B = Non-inter-level travel time spent in this place.
 C = Inter-level travel time spent in this place.
 D = Time resting spent in this place.
 E = Time spent auto-exploring this place.
 F = Levels seen in this place.
 G = Mean time per level.
                   A        B        C        D        E       F      G
               +--------+--------+--------+--------+--------+-----+--------+
         Total |  11065 |  10702 |    363 |    414 |   7990 |  13 |  851.2 |
       Dungeon |  10106 |   9743 |    363 |    414 |   7389 |  11 |  918.7 |
         Abyss |    603 |    603 |      0 |      0 |    414 |   1 |  603.0 |
       Ossuary |    355 |    355 |      0 |      0 |    187 |   1 |  355.0 |
               +--------+--------+--------+--------+--------+-----+--------+

Top non-repeatable levels by time:
     D:8: 1564 daAuts
     D:6: 1351 daAuts
     D:4: 1280 daAuts
     D:7: 1121 daAuts
     D:3: 1046 daAuts
     D:9: 1037 daAuts
     D:2: 885 daAuts
 Abyss:1: 603 daAuts
     D:5: 563 daAuts
     D:1: 547 daAuts
    D:10: 545 daAuts
 Ossuary: 355 daAuts
    D:11: 162 daAuts
